 Dungeon Crawl Stone Soup version 0.29-a0-838-g385bb11a5b (webtiles) character file.

Game seed: 5907491438491938133

3929 gruber the Destroyer (level 10, 0/50 HPs)
             Began as a Deep Elf Conjurer on July 13, 2022.
             Slain by a gnoll
             ... wielding a +0 flail
             ... led by a gnoll sergeant
              (11 damage)
             ... on level 8 of the Dungeon.
             The game lasted 00:09:27 (10133 turns).

gruber the Destroyer (Deep Elf Conjurer)           Turns: 10133, Time: 00:09:28

Health: 0/50       AC:  3    Str:  4    XL:     10   Next: 1%
Magic:  12/22      EV: 15    Int: 28    God:
Gold:   600        SH:  0    Dex: 13    Spells: 20/23 levels left

rFire   . . .      SeeInvis .   A - +2 quarterstaff (speed)
rCold   . . .      Faith    .   (shield currently unavailable)
rNeg    . . .      Spirit   .   a - +0 robe
rPois   .          Reflect  .   (no helmet)
rElec   .          Harm     .   (no cloak)
rCorr   .          Rampage  .   f - +0 pair of gloves
Will    +....                   (no boots)
Stlth   ++........              (no amulet)
HPRegen 0.16/turn               (no ring)
MPRegen 0.18/turn               (no ring)

@: no status effects
A: no striking features
a: no special abilities


You were on level 8 of the Dungeon.
You visited 2 branches of the dungeon, and saw 9 of its levels.
You also visited: Ossuary.

You collected 600 gold pieces.

Inventory:

Hand Weapons
 A - a +2 quarterstaff of speed (weapon)
Armour
 a - a +0 robe (worn)
 f - a +0 pair of gloves (worn)
Jewellery
 B - a ring of ice
 E - an amulet of faith
 F - a +6 ring of dexterity
Wands
 z - a wand of charming (10)
 C - a wand of roots (6)
Scrolls
 d - 2 scrolls of vulnerability {unknown}
 e - a scroll of poison {unknown}
 g - a scroll of torment {unknown}
 h - 2 scrolls of silence {unknown}
 k - 8 scrolls of identify {unknown}
 m - 3 scrolls of magic mapping {unknown}
 n - 3 scrolls of fog {unknown}
 t - 6 scrolls of teleportation {unknown}
 y - 2 scrolls of amnesia {unknown}
 D - a scroll of blinking {unknown}
 G - a scroll of enchant weapon {unknown}
Potions
 b - 4 potions of magic
 c - 3 potions of heal wounds
 i - 4 potions of resistance
 j - a potion of experience {unknown}
 l - a potion of berserk rage {unknown}
 o - 2 potions of haste {unknown}
 p - a potion of degeneration {unknown}
 q - 5 potions of mutation {unknown}
 r - a potion of invisibility {unknown}
 s - 6 potions of curing
 u - a potion of flight {unknown}
 v - 3 potions of might {unknown}
 w - 2 potions of lignification {unknown}
 x - 2 potions of attraction {unknown}
 H - a potion of ambrosia {unknown}


   Skills:
 - Level 7.2 Dodging
 - Level 2.4 Stealth
 - Level 7.1 Spellcasting
 * Level 13.9 Conjurations


You had 20 spell levels left.
You knew the following spells:

 Your Spells              Type           Power      Damage    Failure   Level
a - Magic Dart            Conj           100%       1d8       1%          1
b - Searing Ray           Conj           100%       2d8       1%          2

Your spell library contained the following spells:

 Spells                   Type           Power      Damage    Failure   Level
 Dazzling Flash           Conj/Hex       98%        N/A       1%          3
 Fulminant Prism          Conj/Hex       24%        3d13      3%          4
 Iskenderun's Mystic Bla  Conj/Tloc      49%        2d11      3%          4
 Sublimation of Blood     Necr           10%        N/A       9%          2
 Irradiate                Conj/Tmut      24%        3d19      9%          5
 Orb of Destruction       Conj           36%        9d11      14%         7
 Summon Guardian Golem    Hex/Summ       10%        N/A       16%         3
 Cause Fear               Hex            5%         N/A       47%         4
 Petrify                  Tmut/Erth      10%        N/A       47%         4
 Spellforged Servitor     Conj/Summ      24%        N/A       95%         7
 Dragon Form              Tmut           5%         N/A       100%        7
 Dragon's Call            Summ           5%         N/A       100%        9


Dungeon Overview and Level Annotations

Branches:
Dungeon (8/15)             Temple (1/1) D:7         Ossuary (visited)
   Lair: D:8-11

Altars:
Ashenzari
Cheibriados
Dithmenos
Fedhas
Gozag
Hepliaklqana
Kikubaaqudgha
Makhleb
Nemelex Xobeh
Okawaru
Qazlal
Ru
Sif Muna
Trog
Uskayaw
Wu Jian
Xom
Yredelemnul
Zin
The Shining One

Shops:
D:7 *

Annotations:
D:4 2 transporters, 2 runed translucent doors, Gruesome's ghost, weakling DsNe


Message History

The gnoll sergeant is almost dead.
The gnoll sergeant shoots a sling bullet.
The sling bullet barely misses you.
You hear a shout!
The searing ray hits the gnoll sergeant.
You kill the gnoll sergeant!
You have reached level 10!
Unknown command.
The gnoll attacks as you move away! The gnoll closely misses you.
The gnoll hits you from afar with a +0 trident.
The gnoll attacks as you move away! The gnoll barely misses you.
The gnoll attacks as you move away! The gnoll misses you.
The gnoll attacks as you move away! The gnoll hits you with a +0 flail!
Casting: Searing Ray (safe; 1% risk of failure)
Confirm with . or Enter, or press ? or * to list all spells.
Aiming: Searing Ray (safe; 1% risk of failure)
Press: ? - help, Shift-Dir - straight line, f - gnoll
Aim: a gnoll, wielding a +0 flail (85% to hit)
The searing ray hits the gnoll!
The gnoll is heavily wounded.
The searing ray hits the gnoll.
The gnoll is moderately wounded.
The searing ray hits the gnoll!
The gnoll is heavily wounded. (Press . to maintain the ray.)
The gnoll barely misses you.
Unknown command.
The searing ray hits the gnoll.
The gnoll is severely wounded.
The searing ray hits the gnoll.
The gnoll is severely wounded.
The searing ray hits the gnoll!
You kill the gnoll!
The gnoll hits you with a +0 flail!
* * * LOW HITPOINT WARNING * * *
Unknown command.
The searing ray hits the gnoll!
You kill the gnoll!
The gnoll hits you with a +0 flail!
You die...

#.....)...........##
##......##...........
#........####.......#
....###....# #......##
.### ##...###.......#
###......#)##.#..#
##.............#..#.....
............)g.....#....#
#.##........@...........
.>###..................#
.........###..........#
.#....................
.....#..............#
.....#............<.##
##...#...##..........##
### #...##.##........#
#...######........#


You could see a gnoll.

Vanquished Creatures
  A two-headed ogre (D:7)
  2 wyverns
  4 sky beasts
  An ice beast (D:7)
  An ogre (D:5)
  3 centaurs
  2 bullfrogs
  A kobold brigand (D:6)
  2 gnoll sergeants
  2 necrophages
  A wyvern zombie (Ossuary)
  3 scorpions (D:4)
  3 water moccasin zombies (Ossuary)
  6 killer bees (D:7)
  A howler monkey (D:6)
  3 centaur zombies (Ossuary)
  7 bullfrog zombies (Ossuary)
  3 hounds (D:6)
  4 jellies
  An orc priest (D:3)
  2 iguanas
  A killer bee zombie (Ossuary)
  12 mummies (Ossuary)
  2 howler monkey zombies (Ossuary)
  11 gnolls
  4 adders
  A shadow imp (D:6)
  A white imp (D:7)
  3 worms
  A dart slug (D:4)
  13 orcs
  4 ball pythons
  4 endoplasms
  A giant cockroach (D:4)
  17 goblins
  10 hobgoblins
  7 jackals
  2 quokkas (D:4)
  A bat (D:1)
  5 frilled lizards
  25 kobolds
  A rat (D:1)
179 creatures vanquished.

Vanquished Creatures (others)
  61 plants (D:6)
  8 withered plants (Ossuary)
69 creatures vanquished.

Grand Total: 248 creatures vanquished

Notes
Turn   | Place    | Note
-------+----------+-------------------------------------------
     0 | D:1      | gruber the Deep Elf Conjurer began the quest for the Orb.
     0 | D:1      | Reached XP level 1. HP: 10/10 MP: 6/6
    84 | D:1      | Found a faded altar of an unknown god.
   662 | D:1      | Reached XP level 2. HP: 15/15 MP: 5/8
   813 | D:1      | Learned a level 2 spell: Searing Ray
  1185 | D:2      | Reached skill level 5 in Conjurations
  1672 | D:3      | Reached XP level 3. HP: 19/19 MP: 6/9
  1853 | D:3      | Reached XP level 4. HP: 24/24 MP: 2/12
  2059 | D:3      | Reached skill level 6 in Conjurations
  2640 | D:4      | Reached XP level 5. HP: 28/28 MP: 6/13
  2669 | D:4      | Found a sand-covered staircase.
  2736 | Ossuary  | Entered an ossuary
  2874 | Ossuary  | Reached skill level 5 in Spellcasting
  3018 | Ossuary  | Reached XP level 6. HP: 24/32 MP: 8/16
  3106 | Ossuary  | Reached skill level 7 in Conjurations
  3247 | Ossuary  | Reached XP level 7. HP: 24/36 MP: 6/19
  3504 | Ossuary  | Reached skill level 8 in Conjurations
  3824 | Ossuary  | Reached skill level 9 in Conjurations
  4329 | D:4      | Reached XP level 8. HP: 35/41 MP: 12/20
  4388 | D:4      | Reached skill level 10 in Conjurations
  4540 | D:4      | Found a transporter.
  4551 | D:4      | Found a large runed translucent door.
  4552 | D:4      | Found a large runed translucent door.
  4877 | D:4      | Noticed Gruesome's ghost (weakling DsNe)
  4878 | D:4      | Found a transporter.
  4880 | D:4      | Identified the +5 dire flail of the Saviour {vamp, rF+ rC+
                  | Dex-5 SInv}
  5489 | D:5      | Entered Level 5 of the Dungeon
  5969 | D:5      | Reached skill level 11 in Conjurations
  6677 | D:6      | HP: 1/41 [poisoned by a kobold brigand (curare-tipped
                  | dart)]
  7110 | D:6      | Identified the +10 mace of gruber's Misery {drain, *Rage
                  | Fly rF+ rC+}
  7291 | D:6      | Reached skill level 5 in Dodging
  7614 | D:6      | Reached XP level 9. HP: 45/45 MP: 14/21
  8353 | D:7      | Noticed a two-headed ogre
  8363 | D:7      | Killed a two-headed ogre
  8364 | D:7      | Reached skill level 12 in Conjurations
  8488 | D:7      | Found Rova's Assorted Antiques.
  8544 | D:7      | Reached skill level 13 in Conjurations
  9016 | D:7      | Found a staircase to the Ecumenical Temple.
  9174 | Temple   | Entered the Ecumenical Temple
 10122 | D:8      | Reached XP level 10. HP: 27/50 MP: 14/22
 10133 | D:8      | Slain by a gnoll

Illustrated notes

Levels and vault maps discovered:
D:1:      scummos_arrival_star, layout_loops_ring,
          shapermc_ecumenical_altar_venn
D:2:      layout_loops_ring
D:3:      layout_basic
D:4:      cheibrodos_greedy_goblins, layout_basic, jmf_multi_god_temple2,
          enter_ossuary_1, gammafunk_ghost_smash, dreamdust_wishing_well,
          st_stairs_9, minivault_5, nrook_mini_backslash, dk_vineyard_1,
          grunt_decor_resistance
D:5:      layout_cave_pods
D:6:      kennysheep_kobold_camp, layout_loops_ring, minmay_misc_feat_tower,
          nicolae_water_bricks, chequers_serial_rivers_small_b,
          amcnicky_mini_pool_small, hangedman_decor_push
D:7:      layout_loops_ring, temple_fountains, serial_shops,
          nicolae_stop_n_shop_2, chequers_serial_rivers_room_b,
          nrook_pool_corridor, minmay_misc_feat_encased, hangedman_glass_garden,
          minivault_27
D:8:      layout_cave_pools, minmay_diced_spiral
Temple:   mainiacjoe_temple_cubbyholes

Skill      XL: |  1  2  3  4  5  6  7  8  9 |
---------------+----------------------------+-----
Conjurations   | 5 6 7 9 11 13 | 13.9
Spellcasting   | 4 5 7 |  7.1
Dodging        | 6 7 |  7.2
Stealth        | |  2.4

Action                   |  1- 3 |  4- 6 |  7- 9 | 10-12 || total
-------------------------+-------+-------+-------+-------++-------
Melee: Spear             |       |     5 |     2 |       ||     7
       Quarterstaff      |       |       |    12 |       ||    12
 Cast: Magic Dart        |    52 |    40 |   175 |       ||   267
       Searing Ray       |     2 |    20 |    54 |     1 ||    77
  Use: Potion            |       |       |     3 |       ||     3
Armor: Robe              |       |     4 |    26 |       ||    30
Dodge: Dodged            |     1 |    15 |    89 |     4 ||   109

Table legend: (Time is in decaauts)
 A = Elapsed time spent in this place.
 B = Non-inter-level travel time spent in this place.
 C = Inter-level travel time spent in this place.
 D = Time resting spent in this place.
 E = Time spent auto-exploring this place.
 F = Levels seen in this place.
 G = Mean time per level.
                   A        B        C        D        E       F      G
               +--------+--------+--------+--------+--------+-----+--------+
         Total |  10178 |   9786 |    392 |    436 |   8254 |  10 | 1017.8 |
       Dungeon |   8371 |   8033 |    338 |    139 |   7032 |   8 | 1046.4 |
        Temple |    342 |    289 |     53 |      0 |    287 |   1 |  342.0 |
       Ossuary |   1463 |   1463 |      0 |    297 |    934 |   1 | 1463.0 |
               +--------+--------+--------+--------+--------+-----+--------+

Top non-repeatable levels by time:
     D:6: 1610 daAuts
 Ossuary: 1463 daAuts
     D:7: 1423 daAuts
     D:4: 1420 daAuts
     D:5: 1102 daAuts
     D:3: 1047 daAuts
     D:1: 846 daAuts
     D:2: 740 daAuts
  Temple: 342 daAuts
     D:8: 180 daAuts
